 Dungeon Crawl Stone Soup version 0.28.0-45-g0d030f2227 (webtiles) character file.

Game seed: 3729975005323861712

173 Ablot the Grasshopper (level 5, -3/43 HPs)
             Began as a Gnoll Warper on Apr 7, 2022.
             Slain by a bullfrog (6 damage)
             ... on level 3 of the Dungeon.
             The game lasted 00:03:42 (4181 turns).

Ablot the Grasshopper (Gnoll Warper)                Turns: 4181, Time: 00:03:43

Health: -3/43      AC:  5    Str: 12    XL:     5   Next: 53%
Magic:  12/12      EV: 13    Int: 13    God:
Gold:   118        SH:  0    Dex: 11    Spells: 12/14 levels left

rFire   . . .      SeeInvis .   a - +0 spear
rCold   . . .      Faith    .   (no shield)
rNeg    . . .      Spirit   .   b - +0 leather armour
rPois   .          Reflect  .   f - +0 helmet
rElec   .          Harm     .   (no cloak)
rCorr   .          Rampage  .   (no gloves)
Will    .....                   h - +0 pair of boots
Stlth   +.........              (no amulet)
HPRegen 0.14/turn               (no ring)
MPRegen 0.13/turn               (no ring)

@: brilliant
A: fangs 1, strong nose, distributed training
a: no special abilities


You were on level 3 of the Dungeon.
You visited 1 branch of the dungeon, and saw 3 of its levels.

You collected 118 gold pieces.

Inventory:

Hand Weapons
 a - a +0 spear (weapon)
 j - a +1 dagger of flaming
Missiles
 d - 5 boomerangs of dispersal
 e - 32 stones
 m - 6 poisoned darts (quivered)
 s - 20 bolts
 u - 2 javelins
Armour
 b - a +0 leather armour (worn)
 f - a +0 helmet (worn)
 h - a +0 pair of boots (worn)
Magical Staves
 i - a staff of cold
Wands
 p - a wand of polymorph (5)
Scrolls
 c - a scroll of blinking
 g - 2 scrolls of identify {unknown}
 n - 2 scrolls of fear {unknown}
 o - a scroll of fog {unknown}
 r - a scroll of noise {unknown}
Potions
 k - a potion of brilliance
 l - a potion of might {unknown}
 q - a potion of curing {unknown}
 t - a potion of heal wounds {unknown}


   Skills:
 + Level 4.8 Fighting
 + Level 1.5 Short Blades
 + Level 1.5 Long Blades
 + Level 1.5 Axes
 + Level 1.5 Maces & Flails
 + Level 4.8 Polearms
 + Level 1.5 Staves
 + Level 1.5 Slings
 + Level 1.5 Bows
 + Level 1.5 Crossbows
 + Level 3.0 Throwing
 + Level 3.0 Armour
 + Level 4.8 Dodging
 + Level 1.5 Stealth
 + Level 1.5 Shields
 + Level 1.5 Unarmed Combat
 + Level 5.2 Spellcasting
 + Level 1.2 Conjurations
 + Level 1.2 Hexes
 + Level 1.2 Summonings
 + Level 1.2 Necromancy
 + Level 5.5 Translocations
 + Level 1.2 Transmutations
 + Level 1.2 Fire Magic
 + Level 1.2 Ice Magic
 + Level 1.2 Air Magic
 + Level 1.2 Earth Magic
 + Level 1.2 Poison Magic
 + Level 1.7 Invocations
 + Level 1.5 Evocations


You had 12 spell levels left.
You knew the following spells:

 Your Spells              Type           Power      Damage    Failure   Level
a - Blink                 Tloc           52%        N/A       3%          2

Your spell library contained the following spells:

 Spells                   Type           Power      Damage    Failure   Level
 Gell's Gravitas          Tloc           26%        N/A       7%          3
 Lesser Beckoning         Tloc           26%        N/A       7%          3
 Teleport Other           Tloc           26%        N/A       7%          3
 Magic Dart               Conj           36%        1d4       14%         1
 Call Imp                 Summ           9%         N/A       22%         2
 Mephitic Cloud           Conj/Pois/Air  9%         N/A       38%         3
 Manifold Assault         Tloc           26%        N/A       54%         5


Dungeon Overview and Level Annotations

Branches:
Dungeon (3/15)

Altars:
Kikubaaqudgha

Shops:
D:2 [


Innate Abilities, Weirdness & Mutations

You have very sharp teeth.
Your uncanny sense of smell can sniff out nearby items.
Your experience applies equally to all skills.


Message History

You feel very sick.
The water moccasin bites you but does no damage.
Aiming: Polymorph
Press: ? - help, Shift-Dir - straight line, f/p - water moccasin
Aim: a water moccasin (will become a bullfrog, a tengu, or a fire bat, chance to affect: 52%)
The water moccasin evaporates and reforms as a bullfrog!
You feel sick. The bullfrog hits you.
Unknown command.
You hit the bullfrog but do no damage.
You feel sick. The bullfrog misses you.
You completely miss the bullfrog.
You feel sick. The bullfrog hits you.
You barely miss the bullfrog.
You feel sick. The bullfrog completely misses you.
The bullfrog closely misses you.
You closely miss the bullfrog. You bite the bullfrog.
The bullfrog is lightly wounded.
You feel sick.
The bullfrog hits you but does no damage.
You barely miss the bullfrog. Your bite misses the bullfrog.
The bullfrog is lightly wounded.
You feel sick.
The bullfrog hits you but does no damage.
You hit the bullfrog.
The bullfrog is moderately wounded.
The bullfrog hits you but does no damage.
You hit the bullfrog but do no damage.
The bullfrog is moderately wounded.
You feel sick. The bullfrog closely misses you. The bullfrog hits you.
* * * LOW HITPOINT WARNING * * *
You hit the bullfrog. You bite the bullfrog.
The bullfrog is heavily wounded.
You feel sick. The bullfrog hits you.
* * * LOW HITPOINT WARNING * * *
You barely miss the bullfrog.
The bullfrog is heavily wounded.
You feel sick.
You are no longer poisoned.
The bullfrog closely misses you.
It was a potion of brilliance.
You feel clever all of a sudden. The bullfrog hits you.
You die...

# ##... ##.## #.#
.....###...## #.#
............########.#
.._..................#
........#.############
........#.# ......h...#
........#F# ........#@#
..).....#.# #######
........#.# #......
###########.# #.#####
#......# #.# #####.### #
##.####.# #.# ###.......# #
#.......# ##.## #.....#.#.# #
#.....<.###...###.###.#.#.###
#...###........[..# #.#......


You could see a bullfrog.

Vanquished Creatures
  Natasha (twice) (D:3)
  6 adders
  3 dart slugs (D:1)
  5 endoplasms
  4 giant cockroaches
  6 goblins
  6 hobgoblins
  9 kobolds
  A quokka (D:1)
  11 ball pythons
  5 bats (D:1)
  4 frilled lizards
  3 rats
65 creatures vanquished.

Notes
Turn   | Place    | Note
-------+----------+-------------------------------------------
     0 | D:1      | Ablot the Gnoll Warper began the quest for the Orb.
     0 | D:1      | Reached XP level 1. HP: 20/20 MP: 6/6
    49 | D:1      | Reached XP level 2. HP: 21/26 MP: 7/7
    52 | D:1      | Learned a level 2 spell: Blink
   516 | D:1      | Reached XP level 3. HP: 19/31 MP: 9/9
   663 | D:1      | Reached skill level 5 in Spellcasting
  1029 | D:1      | Reached skill level 1 in Invocations
  1657 | D:2      | Reached skill level 1 in Short Blades
  1657 | D:2      | Reached skill level 1 in Long Blades
  1657 | D:2      | Reached skill level 1 in Axes
  1657 | D:2      | Reached skill level 1 in Maces & Flails
  1657 | D:2      | Reached skill level 1 in Staves
  1657 | D:2      | Reached skill level 1 in Slings
  1657 | D:2      | Reached skill level 1 in Bows
  1657 | D:2      | Reached skill level 1 in Crossbows
  1657 | D:2      | Reached skill level 1 in Stealth
  1657 | D:2      | Reached skill level 1 in Shields
  1657 | D:2      | Reached skill level 1 in Unarmed Combat
  1657 | D:2      | Reached skill level 1 in Evocations
  1657 | D:2      | Reached XP level 4. HP: 38/38 MP: 11/11
  2316 | D:2      | Found Necef's Antique Armour Boutique.
  2521 | D:2      | Reached skill level 1 in Conjurations
  2521 | D:2      | Reached skill level 1 in Hexes
  2521 | D:2      | Reached skill level 1 in Summonings
  2521 | D:2      | Reached skill level 1 in Necromancy
  2521 | D:2      | Reached skill level 1 in Transmutations
  2521 | D:2      | Reached skill level 1 in Fire Magic
  2521 | D:2      | Reached skill level 1 in Ice Magic
  2521 | D:2      | Reached skill level 1 in Air Magic
  2521 | D:2      | Reached skill level 1 in Earth Magic
  2521 | D:2      | Reached skill level 1 in Poison Magic
  3138 | D:3      | Noticed a water moccasin
  3413 | D:3      | Found an ancient bone altar of Kikubaaqudgha.
  3494 | D:3      | Reached XP level 5. HP: 38/43 MP: 12/12
  3672 | D:3      | Noticed Natasha
  3694 | D:3      | Killed Natasha
  4151 | D:3      | Noticed Natasha
  4168 | D:3      | Killed Natasha
  4171 | D:3      | a water moccasin changed into a bullfrog
  4181 | D:3      | Slain by a bullfrog

Illustrated notes

Levels and vault maps discovered:
D:1:      dpeg_arrival_rhombus, layout_loops_corners, minmay_3d_cube
D:2:      layout_loops_ring, serial_shops, nicolae_shop_waterfront,
          chequers_serial_rivers_room_a
D:3:      minmay_wonky_spiral, layout_loops_corners, overflow_temple_1_default,
          minivault_23, uniq_natasha

Skill      XL: |  1  2  3  4  5 |
---------------+----------------+-----
Spellcasting   | 5 |  5.2
Invocations    | 1 |  1.7
Short Blades   | 1 |  1.5
Long Blades    | 1 |  1.5
Axes           | 1 |  1.5
Maces & Flails | 1 |  1.5
Staves         | 1 |  1.5
Slings         | 1 |  1.5
Bows           | 1 |  1.5
Crossbows      | 1 |  1.5
Stealth        | 1 |  1.5
Shields        | 1 |  1.5
Unarmed Combat | 1 |  1.5
Evocations     | 1 |  1.5
Conjurations   | 1 |  1.2
Hexes          | 1 |  1.2
Summonings     | 1 |  1.2
Necromancy     | 1 |  1.2
Transmutations | 1 |  1.2
Fire Magic     | 1 |  1.2
Ice Magic      | 1 |  1.2
Air Magic      | 1 |  1.2
Earth Magic    | 1 |  1.2
Poison Magic   | 1 |  1.2
Throwing       | 3 |  3.0
Armour         | 3 |  3.0
Fighting       | |  4.8
Polearms       | |  4.8
Dodging        | |  4.8
Translocations | |  5.5

Action                   |  1- 3 |  4- 6 || total
-------------------------+-------+-------++-------
Melee: Spear             |   146 |   131 ||   277
       Bite              |    11 |    12 ||    23
       Punch             |     1 |     1 ||     2
       Unarmed           |       |    22 ||    22
Evoke: Wand              |       |     3 ||     3
  Use: Potion            |       |     1 ||     1
 Stab: Sleeping          |     2 |       ||     2
Armor: Leather armour    |    48 |    26 ||    74
       Skin              |       |     7 ||     7
Dodge: Dodged            |    63 |    85 ||   148
